 Dungeon Crawl Stone Soup version 0.31-a0-187-gba352fbbf7 (webtiles) character file.

Game seed: 16212503784227531960

15 qw the Shooter (level 2, 0/16 HPs)
             Began as a Deep Elf Hunter on June 22, 2023.
             Succumbed to their own poison gas
             ... on level 1 of the Dungeon.
             The game lasted 00:00:12 (571 turns).

qw the Shooter (Deep Elf Hunter)                     Turns: 571, Time: 00:00:13

Health: 0/16       AC:  3    Str:  8    XL:     2   Next: 34%
Magic:  4/4        EV: 12    Int: 13    God:
Gold:   0          SH:  0    Dex: 18    Spells: 1/1 levels left

rFire   . . .        Y - +0 shortbow
rCold   . . .        (shield currently unavailable)
rNeg    . . .        c - +0 leather armour
rPois   .            (no helmet)
rElec   .            (no cloak)
rCorr   .            (no gloves)
SInv    .            (no boots)
Will    .....        (no amulet)
Stlth   ++           (no ring)
HPRegen 0.22/turn    (no ring)
MPRegen 0.09/turn

%: no passive effects
@: lethally poisoned (0 -> -5), weak-willed
A: no striking features
a: no special abilities


You were on level 1 of the Dungeon.
You visited 1 branch of the dungeon, and saw 1 of its levels.


   Skills:
 - Level 1.5 Fighting
 + Level 6.2 Ranged Weapons
 - Level 2.4 Dodging
 - Level 1.2 Stealth


You had one spell level left.
You didn't know any spells.
Your spell library was empty.

Inventory:

Hand Weapons
 Y - a +0 shortbow (weapon)
Armour
 c - a +0 leather armour (worn)
Potions
 h - a potion of heal wounds {unknown}

Dungeon Overview and Level Annotations

Branches:
Dungeon (1/15)

Altars:


Message History

The air fills with toxic fumes!
As you read the scroll labelled CIZIUBEMAJE, it crumbles to dust.
It was a scroll of poison.
Done exploring.
564 ||| READING scroll labelled KASKIJ PALIEHO.
As you read the scroll labelled KASKIJ PALIEHO, it crumbles to dust.
Magic quickly surges around you.
It was a scroll of vulnerability.
Done exploring.
565 ||| READING scroll labelled ECUIHO CIHIR.
As you read the scroll labelled ECUIHO CIHIR, it crumbles to dust.
It is a scroll of identify.
Really abort (and waste the scroll)?
Done exploring.
566 ||| DROPPING scroll of butterflies.
You drop a scroll of butterflies.
Done exploring.
(D) Dungeon
Where to? (* - list waypoints, ? - help)
What level of the Dungeon? (default 1, ? - help) Sorry, I don't know how to get there.
Enter note:
Enter note:
Enter note:
Enter note:
Enter note:
Enter note:
Enter note:
Enter note:
Enter note: Really walk into that cloud of poison gas?
You are engulfed in poison gas.
You are poisoned.
You feel very sick.
568 ||| Stepping ~*~*~tactically~*~*~ (cloud).
You feel sick.
You see here a scroll of butterflies.
There is a lethal amount of poison in your body!
You feel sick.
There is a lethal amount of poison in your body!
You feel sick.
There is a lethal amount of poison in your body!
You die...

#### #... ##.## ###### #P.P#
#....####~.~# ##################
#.7.7.##~~.~~ ...............¤¤#
#.....P~~~.~~
.#####..########0####..8.........
.# #..# #@¤¤¤#.....P~~~.~~ .#
#..########¤¤00#.7.7.##~~.~~ .#
#..#......#0¤¤¤#....####~.~# .#
#..#.####.#000¤#######.#P.P# .#
#..#.# #.#¤¤¤¤¤¤.####.##.##
.#####..#.# #.#¤00¤¤¤¤'..'......
.....#..#.# #.#¤¤000¤¤####....).
####.#..#.# #.¤¤¤00¤¤##########.
###.#....######......+..........


There were no monsters in sight!

Vanquished Creatures
  An endoplasm (D:1)
  2 giant cockroaches (D:1)
  2 goblins (D:1)
  A hobgoblin (D:1)
  3 kobolds (D:1)
  A bat (D:1)
  2 frilled lizards (D:1)
  2 rats (D:1)
14 creatures vanquished.

Notes
Turn   | Place    | Note
-------+----------+-------------------------------------------
     0 | D:1      | qw the Deep Elf Hunter began the quest for the Orb.
     0 | D:1      | Reached XP level 1. HP: 12/12 MP: 3/3
     0 | D:1      | 0 ||| qw: Version: 0.3-a-9-g12657ce
     0 | D:1      | 0 ||| qw: Game counter: 2427
     0 | D:1      | 0 ||| qw: Always use a shield: true
     0 | D:1      | 0 ||| qw: God list: Okawaru
     0 | D:1      | 0 ||| qw: Allow faded altars: false
     0 | D:1      | 0 ||| qw: Do Orc after D:15 true
     0 | D:1      | 0 ||| qw: Do second Lair branch before Depths: true
     0 | D:1      | 0 ||| qw: Lair rune preference: random
     0 | D:1      | 0 ||| qw: Plans: Normal
     0 | D:1      | 0 ||| PLANNING D:1-11
   174 | D:1      | Reached skill level 6 in Ranged Weapons
   174 | D:1      | Reached XP level 2. HP: 13/16 MP: 4/4
   559 | D:1      | 559 ||| READING scroll labelled SENNUF JESK.
   563 | D:1      | 563 ||| READING scroll labelled CIZIUBEMAJE.
   564 | D:1      | 564 ||| READING scroll labelled KASKIJ PALIEHO.
   565 | D:1      | 565 ||| READING scroll labelled ECUIHO CIHIR.
   566 | D:1      | 566 ||| DROPPING scroll of butterflies.
   568 | D:1      | 568 ||| Stepping ~*~*~tactically~*~*~ (cloud).
   568 | D:1      | HP: 4/16 [poisoned by you (poison gas)]
   570 | D:1      | HP: 1/16 [poisoned by you (poison gas)]
   571 | D:1      | Succumbed to their own poison gas

Levels and vault maps discovered:
D:1:      lemuel_arrival_muddy, layout_basic, dreamdust_princess_bridge

Skill      XL: |  1 |
---------------+----+-----
Ranged Weapons | 6 |  6.2
Fighting       | |  1.5
Dodging        | |  2.4
Stealth        | |  1.2

Action                     || total
---------------------------++-------
   Fire: Shortbow          ||    46
    Use: Scroll            ||     4
 Armour: Leather armour    ||     5
  Dodge: Dodged            ||    14

Table legend:
 A = Non-vault XP
 B = Vault XP
 C = Vault XP percentage of total XP
 D = Non-vault monster count
 E = Vault monster count
 F = Vault count percentage of total count
                 A         B        C        D         E       F
            +---------+---------+-------+---------+---------+-------
      Total |      22 |       0 |   0.0 |      14 |       0 |   0.0
            +---------+---------+-------+---------+---------+-------
        D:1 |      22 |       0 |   0.0 |      14 |       0 |   0.0
            +---------+---------+-------+---------+---------+-------
